TOP OF THE 1ST |
Cincinnati Pride batting - Pitching for Little Rock Lemmiwinks : RHP Muneyaki Nakamura
|
Pitching: RHP Muneyaki Nakamura
|
|
Batting: LHB Rubén Eirado
|
0-0: Fly out, F8 (Flyball, 8RM)
|
Batting: LHB Pablo Garza
|
0-0: Ball 1-0: Ball 2-0: Called Strike 2-1: Ball 3-1: Foul Ball, location: 2F 3-2: Strikes out swinging
|
Batting: RHB Orlando González
|
0-0: Called Strike 0-1: Swinging Strike 0-2: Foul Ball, location: 2F 0-2: Ball 1-2: Ball 2-2: Strikes out looking
|
Top of the 1st over - 0 runs, 0 hits, 0 errors, 0 left on base; Cincinnati 0 - Little Rock 0 |
BOTTOM OF THE 1ST |
Little Rock Lemmiwinks batting - Pitching for Cincinnati Pride : RHP Lyle Scalise
|
Pitching: RHP Lyle Scalise
|
|
Batting: LHB Cisco Salazar
|
0-0: Called Strike 0-1: Called Strike 0-2: Ball 1-2: Ball 2-2: Foul Ball, location: 2F 2-2: Foul Ball, location: 2F 2-2: Strikes out swinging
|
Batting: RHB Germán Vargas
|
0-0: Ball 1-0: Called Strike 1-1: Fly out, F8 (Flyball, 8RXD)
|
Batting: RHB Eduardo Rojas
|
0-0: Called Strike 0-1: Ball 1-1: Swinging Strike 1-2: Foul Ball, location: 2F 1-2: Ball 2-2: DOUBLE (Flyball, 8LXD)
|
Batting: RHB Kokaji Ridha
|
0-0: Called Strike 0-1: Ball 1-1: Foul Ball, location: 2F 1-2: Foul Ball, location: 2F 1-2: Strikes out swinging
|
Bottom of the 1st over - 0 runs, 1 hit, 0 errors, 1 left on base; Cincinnati 0 - Little Rock 0 |
TOP OF THE 2ND |
Cincinnati Pride batting - Pitching for Little Rock Lemmiwinks : RHP Muneyaki Nakamura
|
Batting: LHB Terry Barton
|
0-0: Called Strike 0-1: Ball 1-1: Foul Ball, location: 2F 1-2: Foul Ball, location: 2F 1-2: Ball 2-2: Foul Ball, location: 2F 2-2: Ball 3-2: Foul Ball, location: 2F 3-2: Foul Ball, location: 2F 3-2: DOUBLE (Line Drive, 9LD)
|
Batting: SHB Pete Jones
|
0-0: DOUBLE (Line Drive, 9D) Terry Barton scores
|
Batting: LHB Kevin Hatcher
|
0-0: Fly out, F7 (Flyball, 7LM)
|
Batting: SHB Paco Estrada
|
0-0: Foul Ball, location: 2F 0-1: Ball 1-1: Foul Ball, location: 2F 1-2: Strikes out swinging
|
Batting: RHB Travis Jackson
|
0-0: Swinging Strike 0-1: Ball 1-1: Foul Ball, location: 2F 1-2: Fly out, F6 (Line Drive, 6)
|
Top of the 2nd over - 1 run, 2 hits, 0 errors, 1 left on base; Cincinnati 1 - Little Rock 0 |
BOTTOM OF THE 2ND |
Little Rock Lemmiwinks batting - Pitching for Cincinnati Pride : RHP Lyle Scalise
|
Batting: RHB Roberto Valdéz
|
0-0: Swinging Strike 0-1: Ball 1-1: Ground out 5-3 (Groundball, 56S)
|
Batting: RHB José Rodríguez
|
0-0: Called Strike 0-1: Ball 1-1: Called Strike 1-2: Foul Ball, location: 2F 1-2: Foul Ball, location: 2F 1-2: Ball 2-2: Strikes out swinging
|
Batting: RHB Artie Mills
|
0-0: Ball 1-0: Swinging Strike 1-1: Swinging Strike 1-2: Strikes out looking
|
Bottom of the 2nd over - 0 runs, 0 hits, 0 errors, 0 left on base; Cincinnati 1 - Little Rock 0 |
TOP OF THE 3RD |
Cincinnati Pride batting - Pitching for Little Rock Lemmiwinks : RHP Muneyaki Nakamura
|
Batting: RHB Dudley Helms
|
0-0: Foul Ball, location: 2F 0-1: Ball 1-1: Swinging Strike 1-2: Ball 2-2: Foul Ball, location: 2F 2-2: Strikes out swinging
|
Batting: LHB Rubén Eirado
|
0-0: Called Strike 0-1: SINGLE (Line Drive, 9LS)
|
Batting: LHB Pablo Garza
|
0-0: Ball 1-0: Ball 2-0: Foul Ball, location: 2F 2-1: Foul Ball, location: 2F 2-2: Ball 3-2: Fly out, F7 (Flyball, 7LS)
|
Batting: RHB Orlando González
|
0-0: Called Strike 0-1: Ball 1-1: Ball 2-1: Called Strike 2-2: SINGLE (Groundball, 56D) Rubén Eirado to second
|
Pitching: LHP Rick Davis
|
|
Batting: LHB Terry Barton
|
0-0: Ball 1-0: Ball 2-0: Foul Ball, location: 2F 2-1: Swinging Strike 2-2: Strikes out swinging
|
Top of the 3rd over - 0 runs, 2 hits, 0 errors, 2 left on base; Cincinnati 1 - Little Rock 0 |
BOTTOM OF THE 3RD |
Little Rock Lemmiwinks batting - Pitching for Cincinnati Pride : RHP Lyle Scalise
|
Batting: RHB Jack Crossey
|
0-0: Fly out, F4 (Popup, 23)
|
Batting: RHB Norberto Gallardo
|
0-0: Called Strike 0-1: Swinging Strike 0-2: Ball 1-2: Strikes out looking
|
Batting: LHB Cisco Salazar
|
0-0: Ball 1-0: SINGLE (Flyball, 8RS) - OUT at second base trying to stretch hit.
|
Bottom of the 3rd over - 0 runs, 1 hit, 0 errors, 0 left on base; Cincinnati 1 - Little Rock 0 |
TOP OF THE 4TH |
Cincinnati Pride batting - Pitching for Little Rock Lemmiwinks : LHP Rick Davis
|
Batting: SHB Pete Jones
|
0-0: Swinging Strike 0-1: Foul Ball, location: 2F 0-2: Foul Ball, location: 2F 0-2: Ball 1-2: DOUBLE (Line Drive, 89D)
|
Batting: LHB Kevin Hatcher
|
0-0: Swinging Strike 0-1: Ball 1-1: Ball 2-1: Foul Ball, location: 2F 2-2: Strikes out looking
|
Batting: SHB Paco Estrada
|
0-0: Called Strike 0-1: Foul Ball, location: 2F 0-2: Ball 1-2: Ground out 6-3 (Groundball, 6)
|
Batting: RHB Travis Jackson
|
0-0: Ball 1-0: Called Strike 1-1: Ball 2-1: Ground out 6-3 (Groundball, 6S)
|
Top of the 4th over - 0 runs, 1 hit, 0 errors, 1 left on base; Cincinnati 1 - Little Rock 0 |
BOTTOM OF THE 4TH |
Little Rock Lemmiwinks batting - Pitching for Cincinnati Pride : RHP Lyle Scalise
|
Batting: RHB Germán Vargas
|
0-0: Ball 1-0: Ball 2-0: Called Strike 2-1: Foul Ball, location: 2F 2-2: Ball 3-2: Base on Balls
|
Batting: RHB Eduardo Rojas
|
0-0: Ball 1-0: Grounds into double play, 6-4-3 (Groundball, 6)
|
Batting: RHB Kokaji Ridha
|
0-0: Foul Ball, location: 2F 0-1: Fly out, F3 (Flyball, 34D)
|
Bottom of the 4th over - 0 runs, 0 hits, 0 errors, 0 left on base; Cincinnati 1 - Little Rock 0 |
TOP OF THE 5TH |
Cincinnati Pride batting - Pitching for Little Rock Lemmiwinks : LHP Rick Davis
|
Batting: RHB Dudley Helms
|
0-0: Swinging Strike 0-1: Bunt for hit - play at first, batter OUT! 3-4
|
Batting: LHB Rubén Eirado
|
0-0: Swinging Strike 0-1: Ball 1-1: Ground out 4-3 (Groundball, 4)
|
Batting: LHB Pablo Garza
|
0-0: Ball 1-0: Foul Ball, location: 2F 1-1: Swinging Strike 1-2: Strikes out looking
|
Top of the 5th over - 0 runs, 0 hits, 0 errors, 0 left on base; Cincinnati 1 - Little Rock 0 |
BOTTOM OF THE 5TH |
Little Rock Lemmiwinks batting - Pitching for Cincinnati Pride : RHP Lyle Scalise
|
Batting: RHB Roberto Valdéz
|
0-0: Ball 1-0: DOUBLE (Flyball, 78D)
|
Batting: RHB José Rodríguez
|
0-0: Ball 1-0: Ball 2-0: DOUBLE (Groundball, 5L) Roberto Valdéz scores
|
Batting: RHB Artie Mills
|
0-0: Intentional Walk
|
Batting: RHB Jack Crossey
|
0-0: Ball 1-0: SINGLE (Groundball, 6MD) José Rodríguez to third Artie Mills to second Runner from 3rd tries for Home, SAFE, no throw
|
Batting: RHB Norberto Gallardo
|
0-0: Ball 1-0: Ball 2-0: Grounds into double play, 6-4-3 (Groundball, 6) Artie Mills to third
|
Batting: LHB Cisco Salazar
|
0-0: Ball 1-0: Called Strike 1-1: Called Strike 1-2: Ball 2-2: Ball 3-2: Base on Balls
|
Batting: RHB Germán Vargas
|
0-0: Ball 1-0: Ball 2-0: Foul Ball, location: 2F 2-1: DOUBLE (Line Drive, 7LM) Artie Mills scores Cisco Salazar to third
|
Batting: RHB Eduardo Rojas
|
0-0: Ball 1-0: Ground out 5-3 (Groundball, 56S)
|
Bottom of the 5th over - 3 runs, 4 hits, 0 errors, 2 left on base; Cincinnati 1 - Little Rock 3 |
TOP OF THE 6TH |
Cincinnati Pride batting - Pitching for Little Rock Lemmiwinks : LHP Rick Davis
|
Batting: RHB Orlando González
|
0-0: Called Strike 0-1: Foul Ball, location: 2F 0-2: Strikes out looking
|
Batting: LHB Terry Barton
|
0-0: SINGLE (Groundball, 4MD)
|
Batting: SHB Pete Jones
|
0-0: Grounds into double play, 4-6-3 (Groundball, 4M)
|
Top of the 6th over - 0 runs, 1 hit, 0 errors, 0 left on base; Cincinnati 1 - Little Rock 3 |
BOTTOM OF THE 6TH |
Little Rock Lemmiwinks batting - Pitching for Cincinnati Pride : RHP Lyle Scalise
|
Batting: RHB Kokaji Ridha
|
0-0: Called Strike 0-1: Foul Ball, location: 2F 0-2: Ball 1-2: Ball 2-2: Foul Ball, location: 2F 2-2: Ball 3-2: Base on Balls
|
Batting: RHB Roberto Valdéz
|
0-0: Ball 1-0: Called Strike 1-1: Ball 2-1: Hit by Pitch Kokaji Ridha to second
|
Batting: RHB José Rodríguez
|
0-0: Ball 1-0: Ball 2-0: Grounds into double play, 6-4-3 (Groundball, 6) Kokaji Ridha to third
|
Batting: RHB Artie Mills
|
0-0: Ball 1-0: Ground out U3 (Groundball, 34)
|
Bottom of the 6th over - 0 runs, 0 hits, 0 errors, 1 left on base; Cincinnati 1 - Little Rock 3 |
TOP OF THE 7TH |
Cincinnati Pride batting - Pitching for Little Rock Lemmiwinks : LHP Rick Davis
|
Batting: LHB Kevin Hatcher
|
0-0: Called Strike 0-1: Ball 1-1: Ball 2-1: Ground out 2-3 (Groundball, 15S)
|
Pitching: RHP Brian Harvey
|
|
Batting: SHB Paco Estrada
|
0-0: Foul Ball, location: 2F 0-1: Fly out, F5 (Popup, 5DF)
|
Batting: RHB Travis Jackson
|
0-0: Ball 1-0: Swinging Strike 1-1: Foul Ball, location: 2F 1-2: Ball 2-2: Strikes out looking
|
Top of the 7th over - 0 runs, 0 hits, 0 errors, 0 left on base; Cincinnati 1 - Little Rock 3 |
BOTTOM OF THE 7TH |
Little Rock Lemmiwinks batting - Pitching for Cincinnati Pride : RHP Lyle Scalise
|
Batting: RHB Jack Crossey
|
0-0: Ball 1-0: Foul Ball, location: 2F 1-1: Swinging Strike 1-2: Strikes out swinging
|
Batting: RHB Norberto Gallardo
|
0-0: Ground out 5-3 (Groundball, 56S)
|
Batting: LHB Cisco Salazar
|
0-0: Foul Ball, location: 2F 0-1: Ball 1-1: Ball 2-1: Foul Ball, location: 2F 2-2: Fly out, F8 (Flyball, 8LD)
|
Bottom of the 7th over - 0 runs, 0 hits, 0 errors, 0 left on base; Cincinnati 1 - Little Rock 3 |
TOP OF THE 8TH |
Cincinnati Pride batting - Pitching for Little Rock Lemmiwinks : RHP Brian Harvey
|
Batting: RHB Dudley Helms
|
0-0: Swinging Strike 0-1: Foul Ball, location: 2F 0-2: Strikes out swinging
|
Batting: LHB Rubén Eirado
|
0-0: Ball 1-0: Ground out 6-3 (Groundball, 6)
|
Batting: LHB Pablo Garza
|
0-0: Foul Ball, location: 2F 0-1: DOUBLE (Line Drive, 89XD)
|
Batting: RHB Orlando González
|
0-0: Foul Ball, location: 2F 0-1: Foul Ball, location: 2F 0-2: Strikes out swinging
|
Top of the 8th over - 0 runs, 1 hit, 0 errors, 1 left on base; Cincinnati 1 - Little Rock 3 |
BOTTOM OF THE 8TH |
Little Rock Lemmiwinks batting - Pitching for Cincinnati Pride : RHP Lyle Scalise
|
Pitching: LHP Graham O'Day
|
|
Batting: RHB Germán Vargas
|
0-0: Foul Ball, location: 2F 0-1: Foul Ball, location: 2F 0-2: Ball 1-2: Ball 2-2: Strikes out looking
|
Batting: RHB Eduardo Rojas
|
0-0: Ball 1-0: Ball 2-0: Ball 3-0: Base on Balls
|
Batting: RHB Kokaji Ridha
|
0-0: Ball 1-0: Ball 2-0: Called Strike 2-1: Called Strike 2-2: Ball 3-2: SINGLE (Line Drive, 8LS) Eduardo Rojas to second
|
Batting: RHB Roberto Valdéz
|
0-0: Ball 1-0: Ball 2-0: Ball 3-0: Base on Balls Eduardo Rojas to third Kokaji Ridha to second
|
Batting: RHB José Rodríguez
|
0-0: Ball 1-0: Ball 2-0: Foul Ball, location: 2F 2-1: Ball 3-1: Foul Ball, location: 2F 3-2: Base on Balls Eduardo Rojas scores Kokaji Ridha to third Roberto Valdéz to second
|
Batting: RHB Artie Mills
|
0-0: Ball 1-0: SINGLE (Flyball, 8LS) Kokaji Ridha scores Roberto Valdéz to third José Rodríguez to second
|
Pitching: RHP Manuel Garza
|
|
Batting: RHB Jack Crossey
|
0-0: Called Strike 0-1: Ball 1-1: Ball 2-1: Called Strike 2-2: Ball 3-2: Strikes out looking
|
Batting: RHB Norberto Gallardo
|
0-0: Foul Ball, location: 2F 0-1: Swinging Strike 0-2: Hit by Pitch Roberto Valdéz scores José Rodríguez to third Artie Mills to second
|
Pitching: LHP Juan Valentín
|
|
Batting: LHB Cisco Salazar
|
0-0: Ball 1-0: Called Strike 1-1: Ball 2-1: Swinging Strike 2-2: Ground out 3-1 (Groundball, 3S)
|
Bottom of the 8th over - 3 runs, 2 hits, 0 errors, 3 left on base; Cincinnati 1 - Little Rock 6 |
TOP OF THE 9TH |
Cincinnati Pride batting - Pitching for Little Rock Lemmiwinks : RHP Brian Harvey
|
Batting: LHB Terry Barton
|
0-0: Ball 1-0: Called Strike 1-1: Swinging Strike 1-2: Foul Ball, location: 2F 1-2: Ground out U3 (Groundball, 3S)
|
Batting: SHB Pete Jones
|
0-0: Ball 1-0: Ground out 4-3 (Groundball, 4)
|
Batting: LHB Kevin Hatcher
|
0-0: Ball 1-0: Ball 2-0: Ball 3-0: Base on Balls
|
Batting: SHB Paco Estrada
|
0-0: Ball 1-0: Called Strike 1-1: Foul Ball, location: 2F 1-2: Strikes out looking
|
Top of the 9th over - 0 runs, 0 hits, 0 errors, 1 left on base; Cincinnati 1 - Little Rock 6 |
|